 Dungeon Crawl Stone Soup version 0.24.1-14-gf8d2b509d9 (webtiles) character file.

Game seed: 10170549137147980639, levelgen mode: deterministic

37 Descartes the Charmwright (level 3, -3/16 HPs)
             Began as a Felid Skald on May 25, 2020.
             Slain by an orc priest
             ... wielding a +0 dagger
              (5 damage)
             ... on level 3 of the Dungeon.
             The game lasted 00:06:52 (2442 turns).

Descartes the Charmwright (Felid Skald)             Turns: 2442, Time: 00:06:52

Health: -3/16      AC:  1    Str:  8    XL:     3   Next: 23%
Magic:  6/7        EV: 19    Int: 14    God:
Gold:   124        SH:  0    Dex: 15    Spells: 3/6 levels left
                                        Lives:  0   Deaths: 1

rFire    . . .     SeeInvis +     - Unarmed
rCold    . . .     Gourm    .   (shield unavailable)
rNeg     . . .     Faith    .   (armour unavailable)
rPois    .         Spirit   .   (helmet unavailable)
rElec    .         Reflect  .   (cloak unavailable)
rCorr    .         Harm     .   (gloves unavailable)
MR       .....                  (boots unavailable)
Stlth    +++.......             (no amulet)
HPRegen  0.05/turn              (no ring)
MPRegen  0.10/turn              (no ring)

@: infused, quick
A: very small, no armour, no weapons or thrown items, stealth, claws 1, fangs 3,
see invisible, carnivore, speed 1, shaggy fur 1, slow metabolism 1, sharp paws
a: no special abilities


You were on level 3 of the Dungeon.
You were very full.

You visited 1 branch of the dungeon, and saw 3 of its levels.

You collected 124 gold pieces.

Inventory:

Jewellery
 k - an uncursed ring of see invisible {unknown}
Scrolls
 a - a scroll of magic mapping {unknown}
 d - 2 scrolls of noise {unknown}
 f - 2 scrolls of identify {unknown}
 h - a scroll of enchant armour {unknown}
 j - a scroll of teleportation {unknown}
 l - a scroll of fog {unknown}
 n - a scroll of remove curse {unknown}
Potions
 c - a potion of might
 e - 2 potions of degeneration {unknown}
 g - a potion of resistance {unknown}
 m - a potion of lignification {unknown}
Comestibles
 b - 5 rations


   Skills:
 + Level 2.3 Fighting
 + Level 3.7 Dodging
 * Level 2.7 Stealth
 * Level 2.8 Unarmed Combat
 + Level 2.3 Spellcasting
 - Level 4.0 Charms
 + Level 0.2 Translocations


You had 3 spell levels left.
You knew the following spells:

 Your Spells              Type           Power        Failure   Level  Hunger
a - Infusion              Chrm           ##..         4%          1    #......
b - Shroud of Golubria    Chrm/Tloc      #.....       14%         2    ###....

Your spell library contained the following spells:

 Spells                   Type           Power        Failure   Level  Hunger
 Song of Slaying          Chrm           ##......     7%          2    ###....
 Regeneration             Chrm/Necr      #.........   30%         3    ###....
 Spectral Weapon          Hex/Chrm       Unusable     N/A         3    N/A

Dungeon Overview and Level Annotations

Branches:
Dungeon (3/15)

Altars:
Okawaru
Yredelemnul
Zin


Innate Abilities, Weirdness & Mutations

You cannot wear armour.
You are incapable of wielding weapons or throwing items.
Your paws allow you to move quietly. (Stealth)
You have sharp claws.
You have razor-sharp teeth.
You have supernaturally acute eyesight. (SInv)
You are carnivorous and can eat meat at any time.
You cover ground quickly.
You are covered in fur. (AC +1)
You have a slow metabolism.
Your sharp claws are effective at attacking unaware monsters.


Message History

Eating one of 4 chunks of flesh.
You eat one of the 4 chunks of flesh.
This raw flesh tastes great.
Eating one of 3 chunks of flesh.
You eat one of the 3 chunks of flesh.
This raw flesh tastes great.
Eating one of 2 chunks of flesh.
You eat one of the 2 chunks of flesh.
This raw flesh tastes great.
Eating a chunk of flesh.
You eat the chunk of flesh.
This raw flesh tastes great.
The orc priest is too close now for your liking.
Casting: Infusion (safe; 4% risk of failure)
Confirm with . or Enter, or press ? or * to list all spells.
You begin infusing your attacks with magical energy.
The orc priest invokes the aid of Beogh against you.
Beogh smites you!
Ouch! That really hurt!
* * * LOW HITPOINT WARNING * * *
You closely miss the orc priest.
The orc priest is lightly wounded.
The orc priest hits you with a +0 dagger.
You die...

..)......)..........#####
.....#....<.........#
.....#>.............#
###.................#
##############....#
###.⌠.##....#
#....._#.#### ###..###o#
#_....##@# ###..###.#
#.....#.# ##..###.#
#....##.# ###..###.#
#......#.# ##8..8##.#
##......#


You could see an orc priest.

Vanquished Creatures
  An ooze (D:1)
  A worm (D:2)
  4 dart slugs
  5 leopard geckos
  2 orcs
  4 giant cockroaches
  9 goblins
  8 hobgoblins
  4 kobolds
  A ball python (D:2)
  7 bats
  4 frilled lizards (D:1)
  7 rats
57 creatures vanquished.

Notes
Turn   | Place    | Note
-------+----------+-------------------------------------------
     0 | D:1      | Descartes the Felid Skald began the quest for the Orb.
     0 | D:1      | Reached XP level 1. HP: 9/9 MP: 4/4
   121 | D:1      | Reached skill level 1 in Stealth
   166 | D:1      | Reached XP level 2. HP: 13/13 MP: 6/6
   602 | D:1      | Reached XP level 3. HP: 11/16 MP: 4/7
  1447 | D:2      | Found an iron altar of Okawaru.
  1574 | D:2      | Reached XP level 4. HP: 17/19 MP: 3/8
  1642 | D:2      | Learned a level 2 spell: Shroud of Golubria
  1780 | D:2      | Reached skill level 4 in Charms
  2164 | D:3      | Found a basalt altar of Yredelemnul.
  2165 | D:3      | Found a glowing silver altar of Zin.
  2418 | D:3      | Slain by an orc priest
  2419 | D:3      | Reached XP level 3. HP: -2/16 MP: 4/7
  2442 | D:3      | Slain by an orc priest

Levels and vault maps discovered:
D:1:      dpeg_arrival_subterranean_lakeside_camping, layout_loops_ring
D:2:      layout_loops_ring, okawaru_ov_weapons_minmay, columned_hall_lemuel
D:3:      layout_basic, minitemple, grunt_temple_overflow_open

Skill      XL: |  1  2  3  4 |
---------------+-------------+-----
Stealth        | 1 2 |  2.7
Charms         | 4 |  4.0
Fighting       | |  2.3
Dodging        | |  3.7
Unarmed Combat | |  2.8
Spellcasting   | |  2.3
Translocations | |  0.2

Action                   |  1- 3 |  4- 6 || total
-------------------------+-------+-------++-------
Melee: Unarmed           |   112 |    31 ||   143
       Bite              |     6 |     2 ||     8
       Punch             |     1 |       ||     1
 Cast: Infusion          |    12 |     2 ||    14
 Stab: Sleeping          |    15 |     4 ||    19
  Eat: Chunk             |    14 |     1 ||    15
Armor: Skin              |     5 |       ||     5
Dodge: Dodged            |    67 |    16 ||    83
